 Dungeon Crawl Stone Soup version 0.18.1-47-g9310371 (webtiles) character file.

3985 buf2 the Ducker (level 10, -8/74 HPs)
             Began as a Human Wanderer on June 9, 2016.
             Was an Initiate of Sif Muna.
             Mangled by a yak (12 damage)
             ... on level 9 of the Dungeon on June 14, 2016.
             The game lasted 01:53:44 (12331 turns).

buf2 the Ducker (Human Wanderer)                   Turns: 12331, Time: 01:53:45

Health: -8/74      AC: 14    Str: 11 (14) XL:     10   Next: 46%
Magic:  14/14      EV: 15    Int: 15 (17) God:    Sif Muna [......]
Gold:   438        SH:  0    Dex: 17 (19) Spells: 3 memorised, 9 levels left

rFire  . . .     SeeInvis +     b - +1 long sword
rCold  x . .     Gourm    .     d - +1 ring mail
rNeg   . . .     Faith    .     (no shield)
rPois  .         Spirit   .     X - +1 helmet
rElec  .         Dismiss  .     (no cloak)
rCorr  .         Reflect  .     C - +2 pair of gloves "Sobugh" {rC- Int+4 Dex+5}
SustAt .         Harm     .     M - +0 pair of boots
MR     .....                    (no amulet)
Stlth  +.........               (no ring)
                                E - ring of see invisible

@: not resistant to hostile enchantments, very unstealthy
A: no striking features
a: Renounce Religion


You were on level 9 of the Dungeon.
You worshipped Sif Muna.
Sif Muna was noncommittal.
You were not hungry.

You visited 2 branches of the dungeon, and saw 11 of its levels.

You collected 438 gold pieces.

Inventory:

Hand Weapons
 a - a +3 hand crossbow
 b - a +1 long sword (weapon)
 c - a +0 dagger of speed
 e - a +0 flail of crushing
 q - a +0 short sword
 t - a +3 long sword of freezing
 x - a cursed -3 falchion
 B - a +0 hunting sling
 J - the +7 spear of the Final Chapter {flame, MP+9 Dex+4, unknown}
   (You found it on level 4 of the Dungeon)

   It has been specially enchanted to burn those struck by it, causing extra
   injury to most foes and up to half again as much damage against particularly
   susceptible opponents.
   It affects your dexterity (+4).
   It affects your magic capacity (+9).
 Q - a +0 shortbow
Missiles
 j - 2 curare-tipped needles
 k - 7 bolts
 l - 99 arrows
 n - 14 tomahawks (quivered)
 o - 513 stones
 y - 2 throwing nets
 N - a poisoned javelin
 S - 62 sling bullets
 T - 2 javelins
Armour
 d - a +1 ring mail (worn)
 C - the +2 pair of gloves "Sobugh" (worn) {rC- Int+4 Dex+5}
   (You found it on level 4 of the Dungeon)

   It affects your intelligence (+4).
   It affects your dexterity (+5).
   It makes you vulnerable to cold.
 M - a +0 pair of boots (worn)
 X - a +1 helmet (worn)
Jewellery
 E - a ring of see invisible (left hand)
 Z - a cursed -3 ring of protection {unknown}
Wands
 i - a wand of polymorph (8/24)
 r - a wand of acid (10/15)
 s - a wand of paralysis (9/24)
 A - a wand of lightning (0/15)
 O - a wand of disintegration (10/24)
 R - a wand of slowing (25/48)
 W - a wand of iceblast (2/15)
Scrolls
 Y - 2 scrolls of enchant armour
Potions
 h - a potion of magic
 m - 2 potions of brilliance
 z - 3 potions of cure mutation
 F - a potion of mutation
 V - a potion of agility {unknown}
Books
 G - a book of Enchantments

   Spells                             Type                      Level
   a - Cause Fear                     Hexes                        4
   b - Yara's Violent Unravelling     Hexes/Transmutation          5
   c - Silence                        Hexes/Air                    5
   d - Deflect Missiles               Charms/Air                   6
   e - Haste                          Charms                       6
   f - Discord                        Hexes                        8
 P - a book of Callings

   Spells                             Type                      Level
   a - Summon Small Mammal            Summoning                    1
   b - Call Imp                       Summoning                    2
   c - Call Canine Familiar           Summoning                    3
   d - Summon Guardian Golem          Hexes/Summoning              3
   e - Summon Lightning Spire         Summoning/Air                4
   f - Summon Ice Beast               Ice/Summoning                4
Comestibles
 f - 3 bread rations
 g - 5 chunks of flesh
 p - 7 meat rations


   Skills:
 + Level 5.4 Fighting
 + Level 0.6(3.4) Short Blades
 + Level 5.4(5.5) Long Blades
 + Level 6.3 Crossbows
 + Level 2.0 Throwing
 + Level 5.8 Armour
 + Level 7.2 Dodging
 + Level 1.4 Stealth
   Level 1.0 Shields
 + Level 3.3 Spellcasting
   Level 1.0 Conjurations
 + Level 2.0 Summonings
 + Level 2.0 Evocations


You had 9 spell levels left.
You knew the following spells:

 Your Spells              Type           Power        Failure   Level  Hunger
a - Summon Small Mammal   Summ           #...         21%         1    #......
b - Call Imp              Summ           #.......     30%         2    ##.....
c - Call Canine Familiar  Summ           #.......     65%         3    ###....


Dungeon Overview and Level Annotations

Branches:
Dungeon (10/15)            Temple (1/1) D:4
   Lair: D:8-11         Orc: D:9-12

Altars:
Ashenzari
Cheibriados
Dithmenos
Elyvilon
Fedhas
Gozag
Kikubaaqudgha
Makhleb
Nemelex Xobeh
Okawaru
Pakellas
Qazlal
Ru
Sif Muna
Trog
Vehumet
Xom
Yredelemnul
Zin
The Shining One


Message History

The yak gores you!
* * * LOW HITPOINT WARNING * * *
Drink which item? (? for menu, Esc to quit)
Okay, then.
You closely miss the yak.
The yak is almost dead.
The yak completely misses you.
You hit the yak.
The yak is almost dead.
The yak gores you but does no damage.
You hit the yak but do no damage.
The yak is almost dead.
The yak barely misses you.
You hit the yak but do no damage.
The yak is almost dead.
The yak gores you but does no damage.
You closely miss the yak.
The yak is almost dead.
The yak gores you!
You die...

#†##### #...# +.†...#
#...# #.....### ##...##
#........ #.....#
#........ #.....#
#>....... #.....#
#........ #.....#
#........
#...@########.##..##.
####Y##....##†##..###
####...##..............
#......#...............
#......#...............
#......#...............
#.>....'........#######
#......#........#...[..
#......#........'......


You could see a yak.

Vanquished Creatures
  Pikel (D:8)
  Sigmund (D:6)
  A mottled dragon (D:7)
  3 sky beasts
  3 centaurs
  3 ogres
  4 big kobolds (D:6)
  4 giant frogs
  A wyvern zombie (D:8)
  2 scorpions
  2 electric eels (D:6)
  3 wights (D:8)
  3 crimson imps
  A howler monkey (D:7)
  4 jellies
  A quasit (D:6)
  A centaur zombie (D:8)
  3 orc priests
  A centaur skeleton (D:8)
  A hound (D:6)
  3 iguanas
  7 orc wizards
  7 worker ants
  A killer bee zombie (D:6)
  A hound skeleton (D:4)
  A howler monkey zombie (D:5)
  2 worker ant zombies
  15 gnolls
  12 adders
  A shadow imp (D:6)
  An ooze (D:2)
  2 adder skeletons (D:4)
  An adder zombie (D:6)
  6 worms
  3 dart slugs (D:2)
  5 giant geckos
  29 orcs
  2 ball pythons
  8 giant cockroaches
  29 goblins
  25 hobgoblins
  26 jackals
  3 quokkas
  12 bats
  8 giant newts
  7 kobolds
  2 quokka skeletons
  14 rats
276 creatures vanquished.

Vanquished Creatures (collateral kills)
  An ogre (D:8)
  An iguana (D:8)
  An orc (D:9)
  A kobold (D:6)
4 creatures vanquished.

Vanquished Creatures (others)
  A centaur (D:8)
  A wight (D:8)
  An iguana (D:8)
  A quokka (D:8)
  A fungus (D:9)
5 creatures vanquished.

Grand Total: 285 creatures vanquished

Notes
Turn   | Place    | Note
--------------------------------------------------------------
     0 | D:1      | buf2 the Human Wanderer began the quest for the Orb.
     0 | D:1      | buf2 set off with: a +2 hand crossbow, 22 bolts, a potion of curing, a +0 ring mail, a bread ration
     0 | D:1      | Reached XP level 1. HP: 16/16 MP: 3/3
   109 | D:1      | Reached XP level 2. HP: 22/22 MP: 5/5
   750 | D:2      | Reached XP level 3. HP: 28/28 MP: 6/6
  1275 | D:2      | Reached XP level 4. HP: 9/34 MP: 7/7
  1276 | D:2      | Reached skill level 1 in Dodging
  1565 | D:2      | Found a deep blue altar of Sif Muna.
  1566 | D:2      | Found a sacrificial altar of Ru.
  1594 | D:2      | Became a worshipper of Sif Muna the Loreminder
  2094 | D:2      | Found an opulent altar of Gozag.
  2246 | D:2      | Reached XP level 5. HP: 39/39 MP: 8/8
  2620 | D:3      | Found a glowing golden altar of the Shining One.
  3277 | D:3      | Upgraded the game from 0.18.1-8-gdd0e5ea to 0.18.1-47-g9310371
  3330 | D:4      | Got a jewelled spear
  3373 | D:4      | Reached skill level 1 in Long Blades
  3402 | D:4      | Reached XP level 6. HP: 42/46 MP: 9/9
  3442 | D:4      | Noticed an ogre
  3449 | D:4      | Killed an ogre
  3449 | D:4      | Reached skill level 2 in Dodging
  3806 | D:4      | Got a pair of jewelled gloves
  3812 | D:4      | Identified the +2 pair of gloves "Sobugh" {rC- Int+4 Dex+5} (You found it on level 4 of the Dungeon)
  3856 | D:4      | Reached XP level 7. HP: 52/52 MP: 10/10
  4235 | D:4      | Found a staircase to the Ecumenical Temple.
  4243 | Temple   | Entered the Ecumenical Temple
  4779 | D:5      | Entered Level 5 of the Dungeon
  4898 | D:5      | Reached skill level 3 in Dodging
  4903 | D:5      | Reached skill level 1 in Throwing
  5626 | D:5      | Reached XP level 8. HP: 60/60 MP: 11/11
  6186 | D:5      | Reached skill level 4 in Dodging
  6682 | D:6      | Noticed Sigmund
  6695 | D:6      | Killed Sigmund
  7083 | D:6      | Reached skill level 5 in Dodging
  7103 | D:6      | Reached XP level 9. HP: 46/66 MP: 12/12
  7430 | D:6      | Got a shimmering whip
  7595 | D:6      | HP: 1/66 [sky beast (6)]
  7743 | D:6      | Learned a level 1 spell: Summon Small Mammal
  7797 | D:6      | Reached skill level 5 in Armour
  7833 | D:6      | Reached skill level 6 in Dodging
  7884 | D:6      | Reached skill level 1 in Stealth
  8521 | D:6      | Found a sparkling altar of Nemelex Xobeh.
  8549 | D:6      | Found a shadowy altar of Dithmenos.
  9111 | D:6      | Reached skill level 1 in Summonings
  9126 | D:6      | Reached skill level 5 in Fighting
  9638 | D:7      | Reached skill level 5 in Crossbows
  9970 | D:7      | Found a sparkling altar of Nemelex Xobeh.
 10443 | D:7      | Found a snail-covered altar of Cheibriados.
 10444 | D:7      | Found a bloodstained altar of Trog.
 10601 | D:7      | Learned a level 2 spell: Call Imp
 10672 | D:8      | Reached XP level 10. HP: 74/74 MP: 14/14
 10678 | D:8      | Noticed Pikel
 10685 | D:8      | Killed Pikel
 10685 | D:8      | Reached skill level 5 in Long Blades
 10792 | D:8      | Found a white marble altar of Elyvilon.
 10824 | D:8      | Reached skill level 7 in Dodging
 11426 | D:9      | Found a blossoming altar of Fedhas.
 11734 | D:9      | Learned a level 3 spell: Call Canine Familiar
 11904 | D:10     | Entered Level 10 of the Dungeon
 12326 | D:9      | HP: 3/74 [yak (12)]
 12331 | D:9      | Mangled by a yak

Skill      XL: |  1  2  3  4  5  6  7  8  9 10 |
---------------+-------------------------------+-----
Dodging        | 1 2 3 5 6 7 |  7.2
Crossbows      | 2 3 4 5 6 |  6.3
Armour         | 3 4 5 |  5.8
Long Blades    | 1 2 3 4 5 |  5.4
Fighting       | 3 4 5 |  5.4
Throwing       | 1 2 |  2.0
Stealth        | 1 |  1.4
Summonings     | 1 2 |  2.0
Spellcasting   | 3 |  3.3
Evocations     | 2 |  2.0
Short Blades   | |  0.6
Shields        | |  1.0
Conjurations   | |  1.0

Action                   |  1- 3 |  4- 6 |  7- 9 | 10-12 || total
-------------------------+-------+-------+-------+-------++-------
Melee: Unarmed           |     4 |       |       |       ||     4
       Short sword       |    79 |    14 |       |       ||    93
       Long sword        |       |   123 |   570 |   187 ||   880
 Fire: Hand crossbow     |    29 |    46 |   144 |    21 ||   240
Throw: Javelin           |       |     1 |     5 |       ||     6
       Stone             |       |       |     1 |       ||     1
       Tomahawk          |       |       |    10 |     4 ||    14
 Cast: Summon Small Mamm |       |       |    20 |     6 ||    26
       Call Imp          |       |       |       |     5 ||     5
       Call Canine Famil |       |       |       |     1 ||     1
Evoke: Wand              |       |       |    15 |     8 ||    23
  Use: Scroll            |     6 |     3 |    14 |     5 ||    28
       Potion            |       |       |     9 |     6 ||    15
 Stab: Distracted        |       |       |     2 |       ||     2
       Invisible         |       |       |       |     1 ||     1
  Eat: Chunk             |     1 |     5 |    12 |     4 ||    22
       Pizza             |       |     2 |       |       ||     2
       Royal jelly       |       |     1 |       |       ||     1
       Beef jerky        |       |       |     3 |     2 ||     5
       Bread ration      |       |       |     1 |       ||     1
       Fruit             |       |       |     1 |       ||     1
Armor: Ring mail         |    52 |    42 |   251 |   102 ||   447
       Skin              |       |       |       |    35 ||    35
Dodge: Dodged            |    61 |   113 |   528 |   255 ||   957
